 Dungeon Crawl Stone Soup version 0.30-a0-54-g2e61a25929 (webtiles) character file.

Game seed: 2053145988598434376

97 jlumianski the Chopper (level 4, -1/34 HPs)
             Began as a Demonspawn Gladiator on Sept 8, 2022.
             Was an Initiate of Qazlal.
             Slain by a gnoll sergeant
             ... wielding a +0 spear
              (11 damage)
             ... on level 3 of the Dungeon.
             The game lasted 00:09:08 (2940 turns).

jlumianski the Chopper (Demonspawn Gladiator)       Turns: 2940, Time: 00:09:09

Health: -1/34      AC:  5    Str: 16    XL:     4   Next: 42%
Magic:  4/4        EV: 11    Int: 10    God:    Qazlal [......]
Gold:   90         SH:  0    Dex: 14    Spells: 3/3 levels left

rFire   . . .      SeeInvis .    a - +0 war axe
rCold   . . .      Faith    .    (no shield)
rNeg    . . .      Spirit   .    m - +0 ring mail
rPois   .          Reflect  .    (helmet restricted)
rElec   .          Harm     .    v - scarf {repulsion}
rCorr   .          Rampage  .    (no gloves)
Will    .....                    (no boots)
Stlth   +.........               (no amulet)
HPRegen 0.11/turn                (no ring)
MPRegen 0.09/turn                (no ring)

@: repel missiles
A: horns 2
a: Renounce Religion


You were on level 3 of the Dungeon.
You worshipped Qazlal.
Qazlal was noncommittal.
You visited 1 branch of the dungeon, and saw 3 of its levels.

You collected 90 gold pieces.

Inventory:

Hand Weapons
 a - a +0 war axe (weapon)
 t - a +0 sling
 u - the +5 dagger "Spiderbane" {freeze, +Blink rC- Stlth+}
   (You found it on level 2 of the Dungeon)

   It freezes those it strikes, dealing additional cold damage.
   It can also slow down cold-blooded creatures.
   rC:        It makes you vulnerable to cold.
   +Blink:    It lets you blink.
   Stlth:     It makes you more stealthy.
Missiles
 d - 3 throwing nets (quivered)
 e - a javelin
 h - 27 stones
Armour
 b - a +0 leather armour
 c - a +0 helmet
 m - a +0 ring mail (worn)
 s - a +0 cloak
 v - a scarf of repulsion (worn)
Jewellery
 p - a ring of fire
Scrolls
 f - 2 scrolls of noise {unknown}
 k - 2 scrolls of teleportation {unknown}
 l - 2 scrolls of identify {unknown}
 o - 2 scrolls of vulnerability {unknown}
 w - a scroll of poison {unknown}
Potions
 g - a potion of attraction {unknown}
 i - 2 potions of resistance {unknown}
 j - a potion of invisibility {unknown}
 n - a potion of heal wounds {unknown}
 q - a potion of mutation {unknown}
 r - a potion of curing {unknown}


   Skills:
 + Level 2.4 Fighting
 + Level 3.6 Axes
 + Level 2.0 Throwing
 + Level 1.6 Armour
 + Level 3.1 Dodging


You had 3 spell levels left.
You didn't know any spells.
Your spell library contained the following spells:

 Spells                   Type           Power      Damage    Failure   Level
 Sublimation of Blood     Necr           0%         N/A       71%         2
 Wereblood                Tmut           0%         N/A       71%         2
 Tukima's Dance           Hex            0%         N/A       91%         3
 Passage of Golubria      Tloc           0%         N/A       100%        4
 Yara's Violent Unravell  Hex/Tmut       0%         3d3       100%        5
 Summon Hydra             Summ           0%         N/A       100%        7


Dungeon Overview and Level Annotations

Branches:
Dungeon (3/15)

Altars:
Qazlal

Shops:
D:1 =   D:3 (


Innate Abilities, Weirdness & Mutations

You have a pair of horns on your head.


Message History

Unknown command.
Unknown command.
Found a trident.
You barely miss the kobold. The kobold barely misses you.
You hit the kobold. Your headbutt misses the kobold.
The kobold is severely wounded.
The kobold closely misses you. x2
You slash the kobold!
You kill the kobold!
Qazlal accepts your kill.
h - 27 stones (gained 3)
Things that are here:
a +0 short sword; a kobold corpse You now have 90 gold pieces (gained 10).
A dart slug and 2 gnolls come into view.
The gnoll shouts!
You hear a shout! x2
The gnoll moves out of view.
You hear a shout!
A gnoll sergeant comes into view.
It is wielding a +0 spear. 2 gnolls come into view.
A gnoll is wielding a +0 vorpal spear.
The gnoll shouts!
The dart slug closely misses you.
You slash the dart slug!
The dart slug is severely wounded.
The gnoll hits you from afar with a +0 vorpal spear.
The dart slug bites you but does no damage.
You hit the dart slug.
The dart slug is severely wounded.
The gnoll hits you but does no damage.
The gnoll hits you from afar with a +0 vorpal spear.
The dart slug closely misses you. The gnoll closely misses you.
The gnoll hits you from afar with a +0 vorpal spear.
You hit the dart slug.
You kill the dart slug!
Qazlal accepts your kill. The gnoll hits you but does no damage.
The gnoll hits you from afar with a +0 vorpal spear.
* * * LOW HITPOINT WARNING * * *
The gnoll sergeant hits you from afar with a +0 spear!
You die...

#...# #####...##
......... #......
# ...... #. #.gg#
#)#########ggg#
#.##............@#
#.#.....########.#
#................#
.........#########
#...............#
#.....)8#..####.#
#.#...#.##.# #.# #
##.8.∩.8.# #<#
###.#<#### #.#


You could see a gnoll sergeant and 4 gnolls.

Vanquished Creatures
  An adder (D:3)
  2 adder zombies (D:2)
  An adder skeleton (D:2)
  A worm (D:2)
  3 dart slugs
  4 bats
  2 bat skeletons (D:2)
  A bat zombie (D:2)
  4 endoplasms
  4 giant cockroaches
  7 goblins
  3 hobgoblins
  8 jackals (D:1)
  2 kobolds
  6 quokkas
  2 ball pythons (D:1)
  A ball python zombie (D:2)
  5 frilled lizards
  A quokka skeleton (D:2)
  4 rats
62 creatures vanquished.

Vanquished Creatures (others)
  10 withered plants (D:2)
10 creatures vanquished.

Grand Total: 72 creatures vanquished

Notes
Turn   | Place    | Note
-------+----------+-------------------------------------------
     0 | D:1      | jlumianski the Demonspawn Gladiator began the quest for the
                  | Orb.
     0 | D:1      | Reached XP level 1. HP: 16/16 MP: 1/1
    88 | D:1      | Gained mutation: You have a pair of small horns on your
                  | head. [demonic ancestry]
    88 | D:1      | Reached XP level 2. HP: 17/22 MP: 2/2
   684 | D:1      | Reached XP level 3. HP: 26/27 MP: 3/3
  1402 | D:1      | Found Evoruteu's Jewellery Boutique.
  1824 | D:3      | Reached skill level 1 in Armour
  1833 | D:2      | Found a stormy altar of Qazlal.
  1847 | D:2      | Became a worshipper of Qazlal Stormbringer
  2115 | D:2      | Gained mutation: You have a pair of horns on your head.
                  | [demonic ancestry]
  2115 | D:2      | Reached XP level 4. HP: 31/33 MP: 4/4
  2474 | D:2      | Identified the +5 dagger "Spiderbane" {freeze, +Blink rC-
                  | Stlth+}
  2911 | D:3      | Found Agomor's Antique Weapon Boutique.
  2936 | D:3      | Noticed a gnoll sergeant
  2940 | D:3      | Slain by a gnoll sergeant

Illustrated notes

Levels and vault maps discovered:
D:1:      matt_arrival_diagonals, layout_basic, serial_shops,
          nicolae_shop_advertising_works [nicolae_subvault_shop_adworks],
          minmay_vboxes
D:2:      layout_loops_ring, basic_altar, serial_undead, serial_undead_c,
          serial_undead_b, serial_undead_c, serial_undead_b, serial_undead_e,
          serial_undead_f
D:3:      layout_loops_ring, serial_shops, nicolae_shop_statue_plus,
          chequers_ecumenical_altar_island, ebering_ghost_rock_garden,
          bh_walls_and_bars

Skill      XL: |  1  2  3 |
---------------+----------+-----
Axes           | 3 |  3.6
Throwing       | 2 |  2.0
Dodging        | 3 |  3.1
Armour         | 1 |  1.6
Fighting       | |  2.4

Action                   |  1- 3 |  4- 6 || total
-------------------------+-------+-------++-------
Melee: War axe           |   124 |    36 ||   160
       Headbutt          |    14 |     7 ||    21
Armor: Leather armour    |    23 |       ||    23
       Ring mail         |    31 |    19 ||    50
Dodge: Dodged            |   115 |    25 ||   140

Table legend: (Time is in decaauts)
 A = Elapsed time spent in this place.
 B = Non-inter-level travel time spent in this place.
 C = Inter-level travel time spent in this place.
 D = Time resting spent in this place.
 E = Time spent auto-exploring this place.
 F = Levels seen in this place.
 G = Mean time per level.
                   A        B        C        D        E       F      G
               +--------+--------+--------+--------+--------+-----+--------+
         Total |   3000 |   2932 |     68 |    516 |   1395 |   3 | 1000.0 |
       Dungeon |   3000 |   2932 |     68 |    516 |   1395 |   3 | 1000.0 |
               +--------+--------+--------+--------+--------+-----+--------+

Top non-repeatable levels by time:
     D:1: 1560 daAuts
     D:2: 1233 daAuts
     D:3: 207 daAuts
